 Dungeon Crawl Stone Soup version 0.20-a0-1122-gb7cbeb9 (webtiles) character file.

370 Deathtrap2010 the Skirmisher (level 6, -1/49 HPs)
             Began as a Demonspawn Abyssal Knight on May 12, 2017.
             Was a Believer of Lugonu.
             Slain by Ruich's ghost (2 damage)
             ... on level 3 of the Dungeon.
             The game lasted 00:11:24 (2233 turns).

Deathtrap2010 the Skirmisher (DsAK)                 Turns: 2233, Time: 00:11:24

Health: -1/49      AC: 11    Str: 13 (14) XL:     6   Next: 42%
Magic:  0/17       EV:  9    Int: 12 (13) God:    Lugonu [**....]
Gold:   129        SH:  4    Dex: 13 (15) Spells: 7/7 levels left

rFire    + . .     SeeInvis .   m - +1 war axe (flame)
rCold    . . .     Gourm    .   l - +0 buckler
rNeg     . . .     Faith    .   i - +0 scale mail
rPois    .         Spirit   +   (helmet restricted)
rElec    .         Reflect  .   j - +0 cloak
rCorr    .         Harm     .   g - +0 pair of gloves
MR       +....                  (no boots)
Stlth    ..........             (no amulet)
Regen    0.2/turn               a - ring of magical power
MPRegen  0.2/turn               (no ring)

@: no status effects
A: horns 1, slimy green scales 1, agile 1, deterioration 1, fire resistance 1,
magic resistance 1, magic shield, flame cloud immunity
a: Depart the Abyss, Bend Space, Renounce Religion


You were on level 3 of the Dungeon.
You worshipped Lugonu.
Lugonu was pleased with you.
You were hungry.

You visited 1 branch of the dungeon, and saw 3 of its levels.
You visited the Abyss 1 time.

You collected 129 gold pieces.

Inventory:

Hand Weapons
 m - a +1 war axe of flaming (weapon)
Armour
 g - a +0 pair of gloves (worn)
 i - a +0 scale mail (worn)
 j - a +0 cloak (worn)
 l - a +0 buckler (worn)
Jewellery
 a - a ring of magical power (left hand)
Scrolls
 b - 2 scrolls of remove curse
Potions
 k - a potion of brilliance
 n - a potion of agility
Miscellaneous
 f - a sack of spiders
Comestibles
 c - 2 bread rations
 d - a fruit
 o - a meat ration


   Skills:
 * Level 4.4 Fighting
   Level 2.5 Long Blades
 * Level 2.0 Axes
 * Level 2.9 Armour
 * Level 2.1 Dodging
 * Level 1.7 Shields
 * Level 1.4 Spellcasting
 - Level 2.4 Invocations


You had 7 spell levels left.
You didn't know any spells.

Dungeon Overview and Level Annotations

Branches:
Dungeon (3/15)

Altars:

Annotations:
D:3 Ruich's ghost, amateur MiBe


Innate Abilities, Weirdness & Mutations

You have a pair of small horns on your head.
You are partially covered in slimy green scales. (AC +2)
Your flesh is heat resistant. (rF+)
When hurt, damage is shared between your health and your magic reserves.
You are immune to clouds of flame.
You are agile. (Dex +2)
Your body sometimes deteriorates upon taking damage.
You are resistant to hostile enchantments. (MR+)


Message History

Ruich's ghost hits you.
* * * LOW HITPOINT WARNING * * *
Unknown command.
You closely miss Ruich's ghost.
Ruich's ghost is severely damaged.
You block Ruich's ghost's attack.
You barely miss Ruich's ghost.
Ruich's ghost is severely damaged.
Ruich's ghost hits you!
* * * LOW HITPOINT WARNING * * *
You slash Ruich's ghost! You burn Ruich's ghost.
Ruich's ghost is almost destroyed.
Ruich's ghost hits you.
* * * LOW HITPOINT WARNING * * *
Ruich's ghost hits you but does no damage.
As you read the scroll labeled FENOMO TUETZAM, it crumbles to dust.
It is a scroll of recharging.
You aren't carrying any rechargeable items.
Ruich's ghost hits you.
You die...

########
##....#.### ####
##......#..##...#
#......####@W...#
#.....## ###..)#
#.##### #### #.#
#.# #.# ###
######### #.###.#
#.....).#
######### #.....#
#.......#
#........ #####.#
#.......#
#........


You could see Ruich's ghost.

Vanquished Creatures
  Grinder (D:3)
  Crazy Yiuf (D:3)
  Terence (D:3)
  A hound zombie (D:3)
  3 adders (D:2)
  3 oozes
  2 worms (D:2)
  A leopard gecko (D:2)
  An orc (D:3)
  2 giant cockroaches
  5 goblins
  8 hobgoblins
  9 jackals (D:3)
  A ball python (D:2)
  3 bats
  3 frilled lizards
  6 kobolds
  5 rats
  A plant (D:1)
57 creatures vanquished.

Notes
Turn   | Place    | Note
-------+----------+-------------------------------------------
     0 | Abyss:1  | Deathtrap2010 the Demonspawn Abyssal Knight began the quest for the Orb.
     0 | Abyss:1  | Reached XP level 1. HP: 18/18 MP: 2/2
    54 | Abyss:2  | Got an ominously black robe
    56 | Abyss:2  | Noticed a white very ugly thing
    56 | Abyss:2  | Noticed a white very ugly thing
    57 | D:1      | Escaped the Abyss
    68 | D:1      | Identified the +2 robe of Awe {rN+} (You found it on level 2 of the Abyss)
   428 | D:1      | Reached * piety under Lugonu
   623 | D:1      | Gained mutation: You expend magic power (3 MP) to strengthen your wands. [potion of mutation]
   623 | D:1      | Gained mutation: You have a pair of small horns on your head. [potion of mutation]
   625 | D:1      | Lost mutation: You have a pair of small horns on your head. [potion of mutation]
   625 | D:1      | Lost mutation: You expend magic power (3 MP) to strengthen your wands. [potion of mutation]
   625 | D:1      | Gained mutation: You are resistant to electric shocks. (rElec) [potion of mutation]
   625 | D:1      | Gained mutation: You expend magic power (3 MP) to strengthen your wands. [potion of mutation]
   625 | D:1      | Gained mutation: You evolve. [potion of mutation]
   657 | D:1      | Reached skill level 1 in Dodging
   657 | D:1      | Gained mutation: When hurt, damage is shared between your health and your magic reserves. [demonic ancestry]
   657 | D:1      | Reached XP level 2. HP: 24/24 MP: 3/3
   942 | D:2      | Gained mutation: Your flesh is heat resistant. (rF+) [demonic ancestry]
   942 | D:2      | Reached XP level 3. HP: 24/29 MP: 4/4
  1623 | D:2      | Gained mutation: You are partially covered in slimy green scales. (AC +2) [demonic ancestry]
  1623 | D:2      | Reached XP level 4. HP: 35/37 MP: 5/5
  1715 | D:3      | Noticed Grinder
  1727 | D:3      | Paralysed by Grinder for 4 turns
  1738 | D:3      | Paralysed by Grinder for 7 turns
  1751 | D:3      | Killed Grinder
  1751 | D:3      | Reached skill level 4 in Fighting
  1751 | D:3      | Reached skill level 1 in Axes
  1751 | D:3      | Reached skill level 1 in Shields
  1751 | D:3      | Reached skill level 1 in Spellcasting
  1751 | D:3      | Gained mutation: You have a pair of small horns on your head. [demonic ancestry]
  1751 | D:3      | Reached XP level 5. HP: 6/42 MP: 2/6
  1751 | D:3      | Gained mutation: You are immune to clouds of flame. [demonic ancestry]
  1751 | D:3      | Reached XP level 6. HP: 7/48 MP: 2/7
  1807 | D:3      | Lost mutation: You expend magic power (3 MP) to strengthen your wands. [evolution]
  1908 | D:3      | Noticed Terence
  1918 | D:3      | Killed Terence
  1961 | D:3      | Reached ** piety under Lugonu
  2103 | D:3      | Lost mutation: You evolve. [potion of mutation]
  2103 | D:3      | Lost mutation: You are resistant to electric shocks. (rElec) [potion of mutation]
  2103 | D:3      | Gained mutation: Your body sometimes deteriorates upon taking damage. [potion of mutation]
  2103 | D:3      | Gained mutation: You are agile. (Dex +2) [potion of mutation]
  2103 | D:3      | Gained mutation: You are resistant to hostile enchantments. (MR+) [potion of mutation]
  2179 | D:3      | Found a runed door.
  2183 | D:3      | Noticed Crazy Yiuf
  2183 | D:3      | Noticed Ruich's ghost (amateur MiBe)
  2197 | D:3      | Killed Crazy Yiuf
  2232 | D:3      | HP: 1/49 [Ruich's ghost (3)]
  2233 | D:3      | Slain by Ruich's ghost

Vault maps used:
D:1:      onia_arrival_mini_maze_b, serial_bayou_pond_d
D:2:      first_bread, minmay_misc_feat_pillars
D:3:      bloody_trog, uniq_crazy_yiuf_cottage, uniq_terence, uniq_grinder

Skill      XL: |  1  2  3  4  5  6 |
---------------+-------------------+-----
Long Blades    | 2 |  2.5
Dodging        | 1 2 |  2.1
Armour         | 2 |  2.9
Fighting       | 4 |  4.4
Axes           | 1 2 |  2.0
Shields        | 1 |  1.7
Spellcasting   | 1 |  1.4
Invocations    | |  2.4

Action                   |  1- 3 |  4- 6 || total
-------------------------+-------+-------++-------
Melee: Falchion          |    99 |       ||    99
       War axe           |    23 |   116 ||   139
       Headbutt          |       |    16 ||    16
Invok: Depart the Abyss  |     1 |       ||     1
  Use: Potion            |     6 |     3 ||     9
       Scroll            |     6 |     3 ||     9
 Stab: Invisible         |     1 |       ||     1
  Eat: Bread ration      |     1 |       ||     1
Armor: Scale mail        |    54 |    69 ||   123
       Ring mail         |     3 |       ||     3
       Robe              |     1 |       ||     1
Dodge: Dodged            |    45 |    41 ||    86
Block: Buckler           |     7 |    26 ||    33
       Rpst.: Falchion   |    14 |       ||    14
